AoeStats
← AL. EviL DeEdZ

Oasis

509717284Analyzed
4v4 RM · 6d ago on Sep 27, 2026· 30m 14s· 8 players
Game mode
Random Map
Map size
Large (8 player)
Population
200
Speed
Normal
Resources
Standard
Victory
Conquest
Starting age
Dark Age
Ending age
Imperial Age
RankedLock teamsTeams togetherTeam positionsShared explorationLock speedFull tech treeHidden civsTurbo modeCheats
Victory
Defeat
🇮🇳 Magyars · India
1427
+9
🇮🇳 Ethiopians · India
1356
+11
1235
+16
🇮🇳 Hindustanis · India
1124
+20
🇦🇷 Magyars · Argentina
1275
-15
🇩🇰 Shu · Denmark
1258
-15
🇳🇱 Varangians · Netherlands
1217
-13
🇳🇱 Danes · Netherlands
1217
-13
MRathS
8:00 Loom
12:00 Feudal Age
17:47 Castle Age
16:08 Double-Bit Axe
16:56 Fletching
17:57 Crossbowman
26:14 Bodkin Arrow
ridder_klip
5:06 Loom
10:07 Feudal Age
17:11 Double-Bit Axe
20:24 Town Watch
23:01 Castle Age
21:41 Stone Mining
21:51 Fletching
22:01 Padded Archer Armor
23:19 Scale Mail Armor
23:29 Forging
24:26 Chain Mail Armor
24:50 Bodkin Arrow
25:34 Leather Archer Armor
25:36 Bow Saw
26:50 Wheelbarrow
29:09 Elite Skirmisher
EindbaasJH
3:53 Loom
11:10 Feudal Age
14:55 Castle Age
12:42 Double-Bit Axe
13:57 Scale Barding Armor
22:15 Wheelbarrow
22:40 Bloodlines
25:05 Chain Barding Armor
28:24 Fletching
Garrón Husita
9:45 Feudal Age
8:00 Loom
10:19 Double-Bit Axe
10:20 Horse Collar
18:28 Castle Age
19:12 Wheelbarrow
19:01 Bloodlines
18:58 Gold Mining
21:15 Husbandry
22:58 Scale Barding Armor
28:10 Chain Barding Armor
[T41] Indian War Lord
1:24 Loom
10:48 Feudal Age
11:47 Double-Bit Axe
15:58 Horse Collar
19:56 Fletching
20:18 Gold Mining
26:55 Castle Age
27:39 Bodkin Arrow
27:56 Thumb Ring
Sanskari Ladka
6:51 Loom
9:02 Feudal Age
10:00 Double-Bit Axe
13:04 Fletching
22:41 Castle Age
22:13 Gold Mining
22:10 Horse Collar
22:45 Crossbowman
23:21 Bodkin Arrow
23:27 Padded Archer Armor
25:37 Ballistics
AL. EviL DeEdZ
6:23 Loom
9:04 Feudal Age
10:07 Double-Bit Axe
19:54 Castle Age
18:16 Scale Barding Armor
22:18 Gold Mining
23:13 Bloodlines
24:59 Bow Saw
25:51 Husbandry
27:46 Chain Barding Armor
MahaDeV
12:15 Feudal Age
16:28 Castle Age
14:36 Double-Bit Axe
15:05 Horse Collar
17:45 Wheelbarrow
25:21 Scale Mail Armor
25:26 Scale Barding Armor
25:27 Loom
Connection lost

Rejoining the realm…

Still unreachable

The connection could not be restored.

Session expired

The server has moved on; the page needs a fresh start.